 Dungeon Crawl Stone Soup version 0.31-a0-631-g285b096dc4 (webtiles) character file.

Game seed: 2265999029410019058

11963 Dittersdorf the Fighter (level 11, -23/73 HPs)
             Began as a Gargoyle Fighter on Aug 25, 2023.
             Was a High Priest of Okawaru.
             Annihilated by a minotaur
             ... wielding a +1 demon trident of venom
              (25 damage)
             ... in a Gauntlet.
             The game lasted 00:17:16 (8708 turns).

Dittersdorf the Fighter (Gargoyle Fighter)          Turns: 8708, Time: 00:17:16

Health: -23/73     AC: 25    Str: 31      XL:     11   Next: 85%
Magic:  19/20      EV: 10    Int:  9 (10) God:    Okawaru [*****.]
Gold:   649        SH:  8    Dex:  9      Spells: 10/10 levels left

rFire   x x .        n - +5 mace "Vusatempeq" {heavy, MP+9 Str+6}
rCold   . . .        c - +1 buckler
rNeg    + . .        C - +0 plate armour
rPois   ∞            d - +1 hat {Will+}
rElec   +            (no cloak)
rCorr   .            z - +1 pair of gloves
SInv    .            q - +0 pair of boots "Qoky" {Str+2 Int+2}
Will    ++...        j - amulet of regeneration Stlth
                     h - ring of willpower
HPRegen 1.12/turn    l - +4 ring of slaying
MPRegen 0.17/turn

%: no teleportation
@: heroic
A: sickness immunity, AC +8, negative energy resistance 1, electricity
resistance, torment resistance 1, petrification resistance, deformed body, dopey
1, [no potion heal 2], [heat vulnerability 2]
a: Renounce Religion, Heroism, Finesse, Duel


You were in a Gauntlet.
You worshipped Okawaru.
Okawaru was extremely pleased with you.
You visited 2 branches of the dungeon, and saw 11 of its levels.
You also visited: Gauntlet.

You collected 673 gold pieces.
You spent 24 gold pieces at shops.

Inventory:

Hand Weapons
 n - the +5 mace "Vusatempeq" (weapon) {heavy, MP+9 Str+6}
   (You found it on level 2 of the Dungeon)

   Str+6:     It affects your strength (+6).
   MP+9:      It affects your magic capacity (+9).
 o - a +1 morningstar of protection
Armour
 c - a +1 buckler (worn)
 d - a +1 hat of willpower (worn)
 q - the +0 pair of boots "Qoky" (worn) {Str+2 Int+2}
   (Okawaru gifted it to you on level 1 of the Lair of Beasts)

   Str+2:     It affects your strength (+2).
   Int+2:     It affects your intelligence (+2).
 z - a +1 pair of gloves (worn)
 C - a +0 plate armour (worn)
Magical Staves
 i - a staff of earth
Jewellery
 h - a ring of willpower (left hand)
 j - an amulet of regeneration (around neck)
 l - a +4 ring of slaying (right hand)
 t - a ring of wizardry
 A - a ring of ice
Wands
 g - a wand of quicksilver (15)
 r - a wand of flame (11)
Scrolls
 a - a scroll of enchant weapon
 b - 3 scrolls of teleportation
 e - a scroll of enchant armour
 k - a scroll of brand weapon
 y - a scroll of fear
 B - a scroll of blinking
Potions
 f - 2 potions of heal wounds
 m - a potion of enlightenment
 p - 2 potions of mutation
 v - a potion of cancellation
 w - 3 potions of curing
 x - a potion of magic


   Skills:
 + Level 10.8(15.8) Fighting
 + Level 9.6(14.6) Maces & Flails
 + Level 10.7(15.7) Armour
 + Level 10.7(15.7) Shields


You had 10 spell levels left.
You didn't know any spells.
Your spell library contained the following spells:

 Spells                   Type           Power      Damage    Failure   Level
 Apportation              Tloc           0%         N/A       91%         1
 Kiss of Death            Conj/Necr      0%         2d5       91%         1
 Necrotise                Necr           0%         1d4       91%         1
 Confusing Touch          Hex            0%         N/A       100%        3
 Vampiric Draining        Necr           0%         2d6       100%        3
 Dispel Undead            Necr           0%         3d6       100%        4
 Agony                    Necr           0%         N/A       100%        5
 Alistair's Intoxication  Tmut/Pois      0%         N/A       100%        5
 Borgnjor's Vile Clutch   Necr/Erth      0%         N/A       100%        5
 Eringya's Noxious Bog    Tmut/Pois      0%         4d6       100%        6
 Orb of Destruction       Conj           0%         9d5       100%        7
 Summon Small Mammal      Summ           Unusable   N/A       N/A         1
 Summon Guardian Golem    Hex/Summ       Unusable   N/A       N/A         3
 Spellforged Servitor     Conj/Summ      Unusable   N/A       N/A         7

Dungeon Overview and Level Annotations

Branches:
Dungeon (10/15)            Temple (0/1) D:6            Lair (1/5) D:9
    Orc (0/2) D:9         Gauntlet (1/1)

Altars:
Cheibriados
Elyvilon
Gozag
Okawaru
Ru
Sif Muna
Trog
Uskayaw
Vehumet
Zin

Shops:
D:2 [   D:4 *   D:6 *=(*(

Annotations:
D:10 2 transporters, experimilk's ghost, journeyman TrGl Gauntlet 8 transporters, exclusion: ice statue


Innate Abilities, Weirdness & Mutations

You are immune to sickness and miasma.
Your stone body is resilient. (AC +8)
You are immune to poison.
You resist negative energy. (rN+)
You are resistant to electric shocks. (rElec)
You are resistant to unholy torment.
You are immune to petrification.
Armour fits poorly on your strangely shaped body.
You are dopey. (Int -2)
[Potions cannot restore your health.]
[You are very vulnerable to heat. (rF--)]


Message History

The silver javelin pierces through you but does no damage.
The silver sears you!
There is an open door here.
Throw: dart (curare)
Press: ? - help, Q - select action, (/) - cycle Shift-Dir - straight line, f - minotaur
Aim: a minotaur, wielding a +1 demon trident of venom, wearing a +0 plate armour, wearing a ring of poison resistance and quivering silver javelins (77% to hit)
You throw a curare-tipped dart.
The curare-tipped dart hits the minotaur.
The minotaur hits you with a +1 demon trident of venom!!
The minotaur gores you.
You gain the combat prowess of a mighty hero.
The minotaur hits you but does no damage.
The minotaur gores you but does no damage.
You hit the minotaur.
The minotaur is lightly wounded.
The minotaur hits you with a +1 demon trident of venom!!
You block the minotaur's attack.
You barely miss the minotaur.
The minotaur is lightly wounded.
The minotaur hits you with a +1 demon trident of venom.
The minotaur gores you but does no damage.
You hit the minotaur.
The minotaur is lightly wounded.
The minotaur hits you but does no damage.
The minotaur gores you.
You sock the minotaur!
The minotaur is moderately wounded.
The minotaur barely misses you.
The minotaur gores you but does no damage.
You bludgeon the minotaur!!
The minotaur is severely wounded.
The minotaur hits you with a +1 demon trident of venom!!
* * * LOW HITPOINT WARNING * * *
The minotaur gores you but does no damage.
The minotaur hits you from afar with a +1 demon trident of venom.
* * * LOW HITPOINT WARNING * * *
There is an open door here.
The minotaur attacks as it pursues you!
The minotaur hits you from afar with a +1 demon trident of venom!!
You die...

#8∩8# #).=# #8.8# ####[.|#
###8.#8(8# #....#...#
#.#..#8H8# #.#..##'##..#.
#.....@.......# #.#.##.#.##.#.#
#.#....#....#.#
###.#.#######.#.###
#≈..............§§#
####8.8.8..©.©..8.8§8#### ##
#8##≈...............≈##8# #8
###############################
#§§...........≈∩≈..............


You could see a minotaur.

Vanquished Creatures
  3 two-headed ogres
  A wretched star (Gauntlet)
  A black mamba (Lair:1)
  Joseph (Lair:1)
  Maggie (D:10)
  A kobold demonologist (D:10)
  A komodo dragon (D:10)
  2 trolls
  2 hornets
  2 raiju (Gauntlet)
  A spriggan (D:9)
  2 shadows (D:10)
  2 wyverns
  4 yaks (D:10)
  2 steam dragons
  2 neqoxecs (Gauntlet)
  2 vampire mosquitoes (D:10)
  A basilisk (D:10)
  A small abomination (Gauntlet)
  2 water moccasins
  2 orc warriors
  2 ice beasts (D:5)
  2 sky beasts (D:7)
  2 black bears
  4 ogres
  7 centaurs
  A kobold brigand (D:9)
  8 bullfrogs
  4 gnoll sergeants
  A scorpion (D:6)
  20 wights
  A killer bee (D:8)
  2 hounds (D:5)
  2 orc priests
  A gnoll bouda (D:9)
  2 jellies
  2 iguanas
  3 sleepcaps
  6 orc wizards
  2 lightning spires (Gauntlet)
  12 adders
  13 gnolls
  3 worms
  A dart slug (D:2)
  24 orcs
  4 endoplasms
  2 giant cockroaches
  5 goblins
  9 hobgoblins
  17 jackals
  8 quokkas
  6 ball pythons
  5 bats
  4 frilled lizards
  11 kobolds
  8 rats
240 creatures vanquished.

Vanquished Creatures (others)
  A wizard (D:9)
1 creature vanquished.

Grand Total: 241 creatures vanquished

Notes
Turn   | Place    | Note
-------+----------+-------------------------------------------
     0 | D:1      | Dittersdorf the Gargoyle Fighter began the quest for the
                  | Orb.
     0 | D:1      | Reached XP level 1. HP: 14/14 MP: 1/1
    90 | D:1      | Reached XP level 2. HP: 16/19 MP: 2/2
   367 | D:1      | Reached XP level 3. HP: 23/23 MP: 3/3
   761 | D:2      | Reached XP level 4. HP: 26/29 MP: 4/4
   767 | D:2      | Identified the +5 mace "Vusatempeq" {heavy, MP+9 Str+6}
   976 | D:2      | You fall into a shaft and drop 1 floor!
  1137 | D:3      | Reached XP level 5. HP: 33/33 MP: 5/5
  1302 | D:2      | Found Opsuqe's Armour Shop.
  1841 | D:4      | Noticed an ogre
  1951 | D:2      | Killed an ogre
  1952 | D:2      | Reached XP level 6. HP: 28/39 MP: 6/6
  2030 | D:4      | Found a snail-covered altar of Cheibriados.
  2128 | D:4      | Found Logu's CLEARANCE SALE!.
  2128 | D:4      | Noticed a black bear
  2135 | D:4      | Killed a black bear
  2176 | D:4      | Bought a +0 morningstar for 24 gold pieces
  2288 | D:4      | Identified the +2 ring mail of Pan-Flutes {Str-2 Int+6
                  | Stlth+}
  2551 | D:4      | Found an iron altar of Okawaru.
  2551 | D:4      | Found a white marble altar of Elyvilon.
  2555 | D:4      | Reached skill level 5 in Fighting
  2561 | D:4      | Became a worshipper of Warmaster Okawaru
  3259 | D:5      | Entered Level 5 of the Dungeon
  3311 | D:5      | Reached skill level 5 in Armour
  3311 | D:5      | Reached skill level 5 in Shields
  3311 | D:5      | Reached XP level 7. HP: 42/44 MP: 7/7
  3464 | D:4      | Reached * piety under Okawaru
  3486 | D:4      | Reached XP level 8. HP: 40/51 MP: 8/8
  3568 | D:5      | Reached skill level 5 in Maces & Flails
  3611 | D:5      | Found a shimmering blue altar of Sif Muna.
  3769 | D:5      | Reached ** piety under Okawaru
  4053 | D:6      | Found Axkurox's Antique Weapon Boutique.
  4152 | D:6      | Found a staircase to the Ecumenical Temple.
  4240 | D:6      | Found Tupteidd's General Store.
  4283 | D:6      | Reached XP level 9. HP: 56/56 MP: 9/9
  4292 | D:6      | Found Emuivahi's General Store.
  4426 | D:6      | Found Lacownymn's Weapon Shop.
  4572 | D:6      | Found Biapuppi's Jewellery Shoppe.
  4772 | D:7      | Noticed a hornet
  5068 | D:7      | Killed a hornet
  5105 | D:7      | Reached *** piety under Okawaru
  5873 | D:8      | Reached XP level 10. HP: 64/64 MP: 10/10
  5876 | D:8      | Reached **** piety under Okawaru
  5883 | D:8      | Noticed a two-headed ogre
  5897 | D:8      | HP: 1/65 [wyvern (8)]
  5908 | D:8      | Killed a two-headed ogre
  5985 | D:8      | Found a glowing silver altar of Zin.
  6194 | D:8      | Reached ***** piety under Okawaru
  6263 | D:8      | Found an opulent altar of Gozag.
  7033 | D:9      | Identified the +1 robe of Hoizxa Veuc {Str+2 Dex+4}
  7043 | D:9      | Found a radiant altar of Vehumet.
  7089 | D:9      | Found a sacrificial altar of Ru.
  7156 | D:9      | Found a bloodstained altar of Trog.
  7159 | D:9      | Noticed a wizard
  7164 | D:9      | Killed a wizard
  7186 | D:9      | Found a staircase to the Orcish Mines.
  7219 | D:9      | Found a staircase to the Lair.
  7387 | D:10     | Entered Level 10 of the Dungeon
  7413 | D:10     | Noticed a kobold demonologist
  7426 | D:10     | Killed a kobold demonologist
  7426 | D:10     | Received a gift from Okawaru
  7427 | D:10     | Reached XP level 11. HP: 72/72 MP: 11/11
  7463 | D:10     | Found a transporter.
  7470 | D:10     | Noticed experimilk's ghost (journeyman TrGl)
  7513 | D:10     | Found a transporter.
  7559 | D:10     | Noticed a two-headed ogre
  7560 | D:10     | Found a hide-covered altar of Uskayaw.
  7569 | D:10     | Killed a two-headed ogre
  7597 | D:10     | Noticed a death knight
  7616 | D:10     | Received a gift from Okawaru
  7670 | D:10     | Reached skill level 10 in Fighting
  7695 | D:10     | Noticed Maggie
  7706 | D:10     | Killed Maggie
  7707 | D:10     | Reached skill level 10 in Armour
  7707 | D:10     | Reached skill level 10 in Shields
  7803 | D:10     | Noticed a two-headed ogre
  7808 | D:10     | Killed a two-headed ogre
  8232 | D:10     | Noticed a two-headed ogre
  8306 | Lair:1   | Entered Level 1 of the Lair of Beasts
  8318 | Lair:1   | Noticed Joseph
  8334 | Lair:1   | Killed Joseph
  8334 | Lair:1   | Identified the +0 pair of boots "Qoky" {Str+2 Int+2}
                  | (Okawaru gifted it to you on level 1 of the Lair of Beasts)
  8334 | Lair:1   | Received a gift from Okawaru
  8350 | Lair:1   | Found a gate leading to a gauntlet.
  8359 | Gauntlet | Entered a Gauntlet
  8359 | Gauntlet | Found a transporter.
  8359 | Gauntlet | Found a transporter.
  8369 | Gauntlet | Found a transporter.
  8372 | Gauntlet | Found a transporter.
  8372 | Gauntlet | Found a transporter.
  8376 | Gauntlet | Noticed a wretched star
  8385 | Gauntlet | Found a transporter.
  8408 | Gauntlet | Found a transporter.
  8409 | Gauntlet | Found a transporter.
  8467 | Gauntlet | Found a transporter.
  8481 | Gauntlet | Found a transporter.
  8492 | Gauntlet | Found a transporter.
  8507 | Gauntlet | Found a transporter.
  8605 | Gauntlet | Identified the ring "Urrolux" {Drain rN+++ Will- Str+6
                  | Dex+5}
  8632 | Gauntlet | Killed a wretched star
  8640 | Gauntlet | Gained mutation: You are dopey. (Int -2) [a neqoxec]
  8641 | Gauntlet | Gained mutation: Armour fits poorly on your strangely
                  | shaped body. [a neqoxec]
  8697 | Gauntlet | Noticed a minotaur
  8707 | Gauntlet | HP: 1/73 [minotaur/+1 demon trident of venom (4)]
  8708 | Gauntlet | Annihilated by a minotaur

Illustrated notes

Levels and vault maps discovered:
D:1:      dpeg_arrival_rooms_with_view, layout_loops_ring, minivault_19,
          glass_columns_a
D:2:      layout_basic, serial_shops, nicolae_shop_tiny_statue_garden,
          minmay_misc_feat_iff, nicolae_figureground_sparkle
D:3:      layout_rooms, roderic_filled_cross, minmay_bisected
D:4:      layout_layer_cave, slow_altar_1, grunt_temple_overflow_open,
          nicolae_shop_clearance
D:5:      layout_loops_ring, lemuel_crystal_altar,
          nicolae_twisty_statue_hallways
D:6:      layout_loops_cross, minmay_temple_entry_statues_fountains,
          serial_shops, nicolae_shop_just_a_little_nook, nicolae_diamond_shop,
          shop_statue, nicolae_shop_rolling_square, nicolae_shop_window_shopping
D:7:      layout_basic
D:8:      layout_loops_ring, nicolae_overflow_hidden_temple,
          nicolae_gozag_seed_capital, minmay_ruined_shrine
D:9:      layout_rooms, trog_wizard, nicolae_vehumet_altar_sigil,
          nicolae_ru_great_annihilating_truth, grunt_lair_entry_orc_guard_hut,
          orc_0_dummy, chequers_serial_rivers_room_a, the_hattery
D:10:     layout_long_grid, nicolae_uskayaw_dance_hall, gammafunk_ghost_hive,
          onia_ninara_dug_in_and_dangerous, uniq_maggie
Lair:1:   layout_cave_pods, gauntlet_entry_generic,
          nicolae_volcano_entry_hallway, infiniplex_staircase_pool_2,
          uniq_joseph
Gauntlet: gammafunk_gauntlet_shortcut [nicolae_gauntlet_arena_quarters,
          nicolae_gauntlet_arena_t_cross, gammafunk_gauntlet_arena_mazey,
          gammafunk_gauntlet_arena_arrow_garden,
          gammafunk_gauntlet_arena_chambers, gammafunk_gauntlet_arena_split_x,
          nicolae_gauntlet_exit_dead_adventurers]

Skill      XL: |  1  2  3  4  5  6  7  8  9 10 11 |
---------------+----------------------------------+-----
Fighting       | 4 5 6 8 9 10 | 10.8
Armour         | 4 5 6 8 9 10 | 10.7
Shields        | 4 5 6 8 9 10 | 10.7
Maces & Flails | 3 4 5 7 8 9 |  9.6

Action                     |  1- 3 |  4- 6 |  7- 9 | 10-12 || total
---------------------------+-------+-------+-------+-------++-------
  Melee: Flail             |    89 |       |       |       ||    89
         Mace              |       |   136 |   182 |   230 ||   548
  Throw: Dart              |       |       |       |     2 ||     2
 Invoke: Heroism           |       |       |       |     2 ||     2
         Finesse           |       |       |       |     1 ||     1
    Use: Scroll            |       |    12 |     5 |     6 ||    23
         Potion            |       |       |       |     5 ||     5
   Stab: Invisible         |       |       |       |     2 ||     2
 Armour: Scale mail        |    39 |    78 |       |       ||   117
         Chain mail        |       |    60 |   159 |    91 ||   310
         Plate armour      |       |       |       |    81 ||    81
  Dodge: Dodged            |    44 |   113 |   100 |   105 ||   362
  Block: Buckler           |    22 |    46 |    72 |    92 ||   232

Table legend: (Time is in decaauts)
 A = Elapsed time spent in this place.
 B = Non-inter-level travel time spent in this place.
 C = Inter-level travel time spent in this place.
 D = Time resting spent in this place.
 E = Time spent auto-exploring this place.
 F = Levels seen in this place.
 G = Mean time per level.
                   A        B        C        D        E       F      G
               +--------+--------+--------+--------+--------+-----+--------+
         Total |   9090 |   8513 |    577 |    295 |   5888 |  12 |  757.5 |
       Dungeon |   8678 |   8101 |    577 |    279 |   5739 |  10 |  867.8 |
          Lair |     58 |     58 |      0 |      0 |      0 |   1 |   58.0 |
      Gauntlet |    353 |    353 |      0 |     16 |    149 |   1 |  353.0 |
               +--------+--------+--------+--------+--------+-----+--------+

Top non-repeatable levels by time:
     D:4: 1412 daAuts
     D:8: 1035 daAuts
     D:7: 1023 daAuts
    D:10: 882 daAuts
     D:5: 804 daAuts
     D:2: 735 daAuts
     D:3: 722 daAuts
     D:6: 720 daAuts
     D:9: 708 daAuts
     D:1: 632 daAuts
Gauntlet: 353 daAuts
  Lair:1: 58 daAuts
